 Seeded DCSS version 0.30-a0-626-gd6a5dd7a1f (webtiles) character file.

Game seed: 10617039283874685323 (custom seed)

92 Juicyj the Trooper (level 4, -1/41 HPs)
             Began as a Minotaur Fighter on Jan 11, 2023.
             Slain by a worm (8 damage)
             ... on level 2 of the Dungeon.
             The game lasted 00:01:31 (937 turns).

Juicyj the Trooper (Minotaur Fighter)                Turns: 937, Time: 00:01:32

Health: -1/41      AC:  7    Str: 21    XL:     4   Next: 35%
Magic:  3/3        EV:  9    Int:  5    God:
Gold:   37         SH:  5    Dex: 15    Spells: 3/3 levels left

rFire   . . .      SeeInvis .    p - +5 hammer "Suyxkin" {flame, Dex+4}
rCold   . . .      Faith    .    c - +0 buckler
rNeg    . . .      Spirit   .    b - +0 scale mail
rPois   +          Reflect  .    (helmet restricted)
rElec   .          Harm     .    (no cloak)
rCorr   .          Rampage  .    (no gloves)
Will    .....                    (no boots) Stlth
                                 (no amulet)
HPRegen 0.26/turn                l - ring of poison resistance
MPRegen 0.08/turn                (no ring)

@: no status effects
A: horns 2, retaliatory headbutt
a: no special abilities


You were on level 2 of the Dungeon.
You visited 1 branch of the dungeon, and saw 2 of its levels.

You collected 37 gold pieces.

Inventory:

Hand Weapons
 a - a +0 trident
 p - the +5 hammer "Suyxkin" (weapon) {flame, Dex+4}
   (You found it on level 2 of the Dungeon)

   Dex:       It affects your dexterity (+4).
Armour
 b - a +0 scale mail (worn)
 c - a +0 buckler (worn)
Jewellery
 l - a ring of poison resistance (left hand)
 m - a +6 ring of strength
Wands
 o - a wand of iceblast (6)
Scrolls
 f - a scroll of fear {unknown}
 g - a scroll of teleportation {unknown}
 h - 3 scrolls of identify {unknown}
 j - a scroll of magic mapping {unknown}
 k - 2 scrolls of blinking {unknown}
Potions
 d - a potion of might
 e - a potion of resistance {unknown}
 i - 2 potions of flight {unknown}
 n - a potion of ambrosia {unknown}


   Skills:
 + Level 4.3 Fighting
 * Level 1.4 Maces & Flails
 + Level 3.3 Polearms
 + Level 4.3 Armour
 + Level 4.3 Shields


You had 3 spell levels left.
You didn't know any spells.
Your spell library contained the following spells:

 Spells                   Type           Power      Damage    Failure   Level
 Beastly Appendage        Tmut           0%         N/A       88%         1
 Ensorcelled Hibernation  Hex/Ice        0%         N/A       95%         2
 Wereblood                Tmut           0%         N/A       95%         2
 Spider Form              Tmut/Pois      0%         N/A       99%         3
 Anguish                  Hex/Necr       0%         N/A       100%        4


Dungeon Overview and Level Annotations

Branches:
Dungeon (2/15)

Altars:

Annotations:
D:2 1 runed translucent door, Crazy Yiuf


Innate Abilities, Weirdness & Mutations

You have a pair of horns on your head.
You reflexively headbutt those who attack you in melee.


Message History

A jackal is nearby!
You start resting.
A jackal is nearby!
You are too injured to fight recklessly!
You are too injured to fight recklessly!
A worm comes into view.
Found 4 javelins.
Things that are here:
a +0 flail; a +0 flail A jackal comes into view.
The jackal barks!
You hear a bark!
A jackal comes into view.
There is an open door, spattered with blood here.
Things that are here:
a +0 flail; a gnoll corpse
There are monsters nearby!
The jackal barks!
You closely miss the jackal. You block the jackal's attack.
You hit the jackal. You burn the jackal.
You kill the jackal!
The jackal barely misses you.
You sock the jackal! You burn the jackal.
You kill the jackal!
You block the jackal's attack.
You hit the jackal. You burn the jackal.
You kill the jackal!
Found a mace.
You see here a jackal corpse.
There is an open door, spattered with blood here.
Things that are here:
a +0 flail; a gnoll corpse
Things that are here:
a +0 flail; a +0 flail
Found 7 stones.
The worm closely misses you.
You see here a +0 flail.
The worm bites you!
* * * LOW HITPOINT WARNING * * *
You see here 14 gold pieces.
You completely miss the worm. The worm bites you!
You die...

##..).#.....## ###..)#
####+##.#......####.+...#
##
........#......)#..##...#
#. ....#.#.#....#.### ###
#. ........######## #. #
..#<.....# #.
#...##.###.### #####.
#......†.))).# ......
###....###w@.# #... #...)
#...# #... #.... #.....
#..| #.... ........ ###..
#.... .)......... #.'..
#................ #.#..
#....(....#####(. ##....
.......# .. ###...##
#.......


You could see a worm.

Vanquished Creatures
  4 gnolls (D:2)
  An adder (D:2)
  2 ball pythons (D:1)
  3 endoplasms
  4 giant cockroaches
  7 goblins
  2 hobgoblins
  7 jackals
  3 bats (D:1)
  2 frilled lizards (D:1)
  4 kobolds
  3 rats
42 creatures vanquished.

Notes
Turn   | Place    | Note
-------+----------+-------------------------------------------
     0 | D:1      | Juicyj the Minotaur Fighter began the quest for the Orb.
     0 | D:1      | Reached XP level 1. HP: 19/19 MP: 0/0
    81 | D:1      | Reached XP level 2. HP: 27/27 MP: 1/1
   493 | D:1      | Reached XP level 3. HP: 33/33 MP: 2/2
   878 | D:2      | Found a runed translucent door.
   878 | D:2      | Identified the +5 hammer "Suyxkin" {flame, Dex+4}
   879 | D:2      | Noticed Crazy Yiuf
   912 | D:2      | Reached XP level 4. HP: 28/40 MP: 3/3
   917 | D:2      | Reached skill level 1 in Maces & Flails
   937 | D:2      | Slain by a worm

Illustrated notes

Levels and vault maps discovered:
D:1:      lightli_arrival_maybe_door_vault, layout_loops_cross
D:2:      minmay_diamond_boxcup, layout_basic, uniq_crazy_yiuf_cottage

Skill      XL: |  1  2  3  4 |
---------------+-------------+-----
Fighting       | 4 |  4.3
Armour         | 4 |  4.3
Shields        | 4 |  4.3
Polearms       | 3 |  3.3
Maces & Flails | 1 |  1.4

Action                   |  1- 3 |  4- 6 || total
-------------------------+-------+-------++-------
Melee: Trident           |    75 |       ||    75
       Headbutt          |     5 |     1 ||     6
       Mace              |     5 |    11 ||    16
Armor: Scale mail        |    21 |     2 ||    23
Dodge: Dodged            |    32 |     7 ||    39
Block: Buckler           |    14 |     5 ||    19

Table legend: (Time is in decaauts)
 A = Elapsed time spent in this place.
 B = Non-inter-level travel time spent in this place.
 C = Inter-level travel time spent in this place.
 D = Time resting spent in this place.
 E = Time spent auto-exploring this place.
 F = Levels seen in this place.
 G = Mean time per level.
                   A        B        C        D        E       F      G
               +--------+--------+--------+--------+--------+-----+--------+
         Total |    958 |    945 |     13 |      6 |    725 |   2 |  479.0 |
       Dungeon |    958 |    945 |     13 |      6 |    725 |   2 |  479.0 |
               +--------+--------+--------+--------+--------+-----+--------+

Top non-repeatable levels by time:
     D:1: 597 daAuts
     D:2: 360 daAuts
